Unix NetHack Version 5.0.0-0 post-release - last build May 10 2026 23:12:36 (d1fa5d53e341ca933230fdaa984d921c805b60aa,branch:main).

Game began 2026-05-12 21:16:21, ended 2026-05-12 22:39:51.

Drastanta, neutral male gnomish Healer

                          ------
                        --|.(((|
          ..--          |.-.(((|
         .....          |.|.(..|
         .......    --+--.---------
         ...{...  ---......d. @T@.--
         .......  ....-.---.-----[[-
         ......   ..--|..|..|  .....|
          ---     ...-|..|..| ...|..-
                  ....-------...- -..
                 ......|...|  ..   ...
                 ....---...|       ----
                 ..........|
                 ....|.....|
      ----.|..       --..)--
    --|...[[..        |.[..       ---
   --.|-.....-        |..|# #     ..|
   -..|....|.------   |..| ## ..._..|
  |....)---|.........--..|### ...[..|
  |<..---  ------....[!.--      ..---
  -----         ---------
Drastanta the Empiric        St:9 Dx:11 Co:13 In:9 Wi:18 Ch:16  Neutral
Dlvl:6  $:1908 HP:0(34) Pw:10(33) AC:8  Xp:4 T:2168 

Latest messages:
 What do you want to zap? [ft or ?*] f
 In what direction? 6
 The sleep ray hits the ice troll.
 The sleep ray bounces!
 The sleep ray hits the ice troll.
 You miss Tobihime's ghost.
 In what direction? 4
 You kick Tobihime's ghost.
 In what direction? 4
 Your clumsy kick does no damage.
 What do you want to use or apply? [ce-iot or ?*] ?
 Never mind.
 In what direction? 4
 You kick Tobihime's ghost.
 Tobihime's ghost touches you!
 In what direction? 4
 You kick Tobihime's ghost.
 In what direction? 4
 You kick Tobihime's ghost.
 Tobihime's ghost touches you!
 In what direction? 4
 You kick Tobihime's ghost.
 In what direction? 4
 You kick Tobihime's ghost.
 In what direction? 4
 Your clumsy kick does no damage.
 In what direction? 4
 You kick Tobihime's ghost.
 In what direction? 4
 Your clumsy kick does no damage.
 In what direction? 4
 Your clumsy kick does no damage.
 In what direction? 4
 You kick Tobihime's ghost.
 You miss the ice troll.
 Tobihime's ghost touches you!
 You hit the ice troll.
 Tobihime's ghost touches you!
 You miss the ice troll.
 Tobihime's ghost touches you!
 You hit the ice troll.
 You hit the ice troll.
 Tobihime's ghost touches you!
 You miss the ice troll.
 The wererat throws a stout spear!
 The stout spear misses the ice troll.
 You are hit by a stout spear!
 You die...
 Do you want your possessions identified? [ynq] (y) y
 Do you want to see your attributes? [ynq] (y) q

Inventory:
 Coins    ('$')
  $ - 1908 gold pieces
 Weapons  (')')
  a - a +0 scalpel (weapon in right hand)
 Armor    ('[')
  b - an uncursed +1 pair of leather gloves (being worn)
  r - an uncursed +0 leather cloak
 Comestibles  ('%')
  j - 8 uncursed apples
  u - an uncursed cram ration
  k - 2 uncursed food rations
  l - 2 uncursed pancakes
  d - 2 uncursed tripe rations
 Scrolls  ('?')
  p - an uncursed scroll of destroy armor
  m - an uncursed scroll of enchant weapon
  q - a blessed scroll of food detection
  n - an uncursed scroll of remove curse
 Spellbooks  ('+')
  e - an uncursed spellbook of cancellation
  h - a blessed spellbook of extra healing
  g - a blessed spellbook of healing
  o - an uncursed spellbook of healing
  i - a blessed spellbook of stone to flesh
 Potions  ('!')
  v - a cursed potion of object detection
  s - an uncursed potion of speed
  w - an uncursed potion of water
 Wands    ('/')
  t - a wand of digging (0:6)
  f - a wand of sleep (0:5)
 Tools    ('(')
  c - an uncursed stethoscope

Drastanta the Healer's attributes:

Background:
 You were an Empiric, a level 4 male gnomish Healer.
 You were neutral, on a mission for Hermes
 who was opposed by Athena (lawful) and Poseidon (chaotic).
 You were right-handed.
 You were in the Gnomish Mines, on level 6.
 You entered the dungeon 2168 turns ago.
 It was nighttime.
 You had 128 experience points, 32 more were needed to attain level 5.

Basics:
 You had 0 out of 34 hit points.
 You had 10 out of 33 energy points (spell power).
 Your armor class was 8.
 Your wallet contained 1908 zorkmids.
 Autopickup was off.

Final Characteristics:
 Your strength was 9 (limit:18/50).
 Your dexterity was 11 (limit:18).
 Your constitution was 13 (limit:18).
 Your intelligence was 9 (limit:19).
 Your wisdom was 18 (limit:18).
 Your charisma was 16 (limit:18).

Final Status:
 You weren't hungry.
 You were unencumbered.
 You were wielding a knife.
 You had basic skill with knife and could have enhanced that.

Final Attributes:
 You were devoutly aligned.
 You were poison resistant.
 You were level-drain resistant.
 You had infravision.
 You were a wererat.
 You were harmed by silver.
 You are dead.

Miscellaneous:
 You encountered 1 bones level.
 Total elapsed playing time was 26 minutes and 26 seconds.

Major events:
 Turn
    1: Drastanta the neutral male gnomish Healer entered the dungeon
  433: entered the Gnomish Mines
 1149: attained the rank of Empiric (level 3)
 1857: reached Mine Town
 2168: killed by a dwarvish spear

Spells:
 Name                 Level Category     Fail Retention
 healing                1   healing        0%   81%-90%
 extra healing          3   healing        0%   81%-90%
 stone to flesh         3   healing        0%   81%-90%

Skills:
 Fighting Skills
   bare handed combat [Unskilled]
 Weapon Skills
   dagger             [Unskilled]
   knife              [Basic]
   short sword        [Unskilled]
   saber              [Unskilled]
   club               [Unskilled]
   mace               [Unskilled]
   quarterstaff       [Unskilled]
   polearms           [Unskilled]
   spear              [Unskilled]
   trident            [Unskilled]
   sling              [Unskilled]
   dart               [Unskilled]
   shuriken           [Unskilled]
   unicorn horn       [Unskilled]
 Spellcasting Skills
   healing spells     [Basic]

Voluntary challenges:
 Character rerolling was not enabled.
 You were illiterate.
 You never genocided any monsters.
 You never polymorphed an object.
 You never changed form.
 You used no wishes.
Achievements:
 You entered the Gnomish Mines.
 You attained the rank of Empiric.
 You entered Minetown.
 You entered a shop.

 The Dungeons of Doom: levels 1 to 2
    Level 1:
    Level 2:
       An altar to Hermes.
       Stairs down to The Gnomish Mines.
 The Gnomish Mines: levels 3 to 6
    Level 3:
    Level 4:
    Level 5:
    Level 6: <- You were here.
       A lighting shop, an altar, a fountain, a grave.
       Final resting place for
          you, killed by a dwarvish spear,
          Tobihime-Wiz-Hum-Fem-Neu, killed by a dwarf lady.


Vanquished creatures:
  a large mimic
  a watchman
  a dwarf leader
  2 gnome leaders
  a gray ooze
  2 elf zombies
  a giant ant
  4 dwarves
  a kobold leader
  a kobold shaman
  a rabid rat
  2 orc zombies
 an iguana
  2 acid blobs
  a hobbit
  2 manes
  a hobgoblin
  5 giant rats
  a brown mold
  a yellow mold
  a red mold
  5 gnomes
  3 garter snakes
  a gnome zombie
  a gecko
  4 jackals
  a kobold
  2 goblins
  2 sewer rats
  4 grid bugs
  5 lichens
  7 newts
68 creatures vanquished.

No species were genocided or became extinct.

Game over:
                       ----------
                      /          \
                     /    REST    \
                    /      IN      \
                   /     PEACE      \
                  /                  \
                  |    Drastanta     |
                  |     1908 Au      |
                  |   killed by a    |
                  |  dwarvish spear  |
                  |                  |
                  |                  |
                  |       2026       |
                 *|     *  *  *      | *
        _________)/\\_//(\/(/\)/\//\/|_)_______

Goodbye Drastanta the Healer...

You died in The Gnomish Mines on dungeon level 6 with 782 points,
and 1908 pieces of gold, after 2168 moves.
You were level 4 with a maximum of 34 hit points when you died.

